Workbook

Sheet Dashboard
A1: File Organisation - Master Index
A3: Files indexed | B3: =COUNTA(Index!A2:A33) -> 32
A4: Filed into the new structure | B4: =COUNTIF(Index!H2:H33,"Moved") -> 24
A5: Duplicates set aside | B5: =COUNTIF(Index!B2:B33,"99_Archive/_Duplicates") -> 4
A6: Archived (2024 or earlier) | B6: =COUNTIF(Index!B2:B33,"99_Archive/2024*") -> 2
A7: Still to review | B7: =COUNTIF(Index!B2:B33,"00_To-Review") -> 2
A8: Email threads mapped | B8: =COUNTA(Outlook_Plan!A2:A200) -> 10
A11: Area | B11: Files
A12: 00_To-Review | B12: =COUNTIF(Index!$C$2:$C$33,A12) -> 2
A13: 01_Admin | B13: =COUNTIF(Index!$C$2:$C$33,A13) -> 2
A14: 02_Finance | B14: =COUNTIF(Index!$C$2:$C$33,A14) -> 7
A15: 03_Clients | B15: =COUNTIF(Index!$C$2:$C$33,A15) -> 9
A16: 05_Marketing | B16: =COUNTIF(Index!$C$2:$C$33,A16) -> 2
A17: 06_People | B17: =COUNTIF(Index!$C$2:$C$33,A17) -> 2
A18: 07_Templates | B18: =COUNTIF(Index!$C$2:$C$33,A18) -> 2
A19: 99_Archive | B19: =COUNTIF(Index!$C$2:$C$33,A19) -> 6
A22: Source System | B22: Files
A23: Google Drive | B23: =COUNTIF(Index!$F$2:$F$33,A23) -> 18
A24: OneDrive / Office | B24: =COUNTIF(Index!$F$2:$F$33,A24) -> 14

Sheet Index
A1: File Name | B1: Folder | C1: Area | D1: Client | E1: Document Type | F1: Source System | G1: Last Modified | H1: Status | I1: Open | J1: Previous Location
A2: 2026-02-27_Website-Project-Plan_v01.xlsx | B2: 00_To-Review | C2: 00_To-Review | F2: OneDrive / Office | G2: 46080 | H2: To review - rules could not place it | I2: =HYPERLINK("demo/after/00_To-Review/2026-02-27_Website-Project-Plan_v01.xlsx","Open") -> Open | J2: OneDrive/Desktop/website project plan.xlsx
A3: 2026-06-02_Document_v01.docx | B3: 00_To-Review | C3: 00_To-Review | F3: OneDrive / Office | G3: 46175 | H3: To review - rules could not place it | I3: =HYPERLINK("demo/after/00_To-Review/2026-06-02_Document_v01.docx","Open") -> Open | J3: OneDrive/Documents/Document1.docx
A4: 2026-06-17_Insurance_Public-Liability_v01.pdf | B4: 01_Admin/Insurance | C4: 01_Admin | E4: Insurance | F4: OneDrive / Office | G4: 46190 | H4: Moved | I4: =HYPERLINK("demo/after/01_Admin/Insurance/2026-06-17_Insurance_Public-Liability_v01.pdf","Open") -> Open | J4: OneDrive/Desktop/public liability insurance 2026.pdf
A5: 2026-06-03_Policy_Work-From-Home_v01.docx | B5: 01_Admin/Policies | C5: 01_Admin | E5: Policy | F5: OneDrive / Office | G5: 46176 | H5: Moved | I5: =HYPERLINK("demo/after/01_Admin/Policies/2026-06-03_Policy_Work-From-Home_v01.docx","Open") -> Open | J5: OneDrive/Documents/Work from home policy.docx
A6: 2026-06-01_Bank-Statement_v01.pdf | B6: 02_Finance/Bank-Statements | C6: 02_Finance | E6: Bank-Statement | F6: OneDrive / Office | G6: 46174 | H6: Moved | I6: =HYPERLINK("demo/after/02_Finance/Bank-Statements/2026-06-01_Bank-Statement_v01.pdf","Open") -> Open | J6: OneDrive/Desktop/bank statement may.pdf
A7: 2026-01-10_Budget_v01.xlsx | B7: 02_Finance/Budgets | C7: 02_Finance | E7: Budget | F7: Google Drive | G7: 46032 | H7: Moved | I7: =HYPERLINK("demo/after/02_Finance/Budgets/2026-01-10_Budget_v01.xlsx","Open") -> Open | J7: GoogleDrive/My Drive/Budget 2026.xlsx
A8: 2026-03-14_Invoice_Acme-Traders_v01.pdf | B8: 02_Finance/Invoices-Issued | C8: 02_Finance | D8: Acme-Traders | E8: Invoice | F8: Google Drive | G8: 46095 | H8: Moved | I8: =HYPERLINK("demo/after/02_Finance/Invoices-Issued/2026-03-14_Invoice_Acme-Traders_v01.pdf","Open") -> Open | J8: GoogleDrive/My Drive/Untitled folder/invoice acme march.pdf
A9: 2026-04-02_Invoice_Bluegum-Cafe_INV-0157_v01.pdf | B9: 02_Finance/Invoices-Issued | C9: 02_Finance | D9: Bluegum-Cafe | E9: Invoice | F9: Google Drive | G9: 46114 | H9: Moved | I9: =HYPERLINK("demo/after/02_Finance/Invoices-Issued/2026-04-02_Invoice_Bluegum-Cafe_INV-0157_v01.pdf","Open") -> Open | J9: GoogleDrive/My Drive/stuff/INV-0157 Bluegum Cafe.pdf
A10: 2026-01-22_Receipt_Uber_v01.pdf | B10: 02_Finance/Receipts | C10: 02_Finance | E10: Receipt | F10: Google Drive | G10: 46044 | H10: Moved | I10: =HYPERLINK("demo/after/02_Finance/Receipts/2026-01-22_Receipt_Uber_v01.pdf","Open") -> Open | J10: GoogleDrive/My Drive/stuff/Uber receipt jan.pdf
A11: 2026-02-12_Receipt_Officeworks_v01.jpg | B11: 02_Finance/Receipts | C11: 02_Finance | E11: Receipt | F11: Google Drive | G11: 46065 | H11: Moved | I11: =HYPERLINK("demo/after/02_Finance/Receipts/2026-02-12_Receipt_Officeworks_v01.jpg","Open") -> Open | J11: GoogleDrive/My Drive/stuff/receipt officeworks 12.02.2026.jpg
A12: 2026-04-21_BAS-Workings_v01.xlsx | B12: 02_Finance/Tax | C12: 02_Finance | E12: BAS-Workings | F12: OneDrive / Office | G12: 46133 | H12: Moved | I12: =HYPERLINK("demo/after/02_Finance/Tax/2026-04-21_BAS-Workings_v01.xlsx","Open") -> Open | J12: OneDrive/Desktop/BAS Q3 workings.xlsx
A13: 2026-02-25_Contract_Acme-Traders_v01.pdf | B13: 03_Clients/Acme-Traders/02_Contracts | C13: 03_Clients | D13: Acme-Traders | E13: Contract | F13: Google Drive | G13: 46078 | H13: Moved | I13: =HYPERLINK("demo/after/03_Clients/Acme-Traders/02_Contracts/2026-02-25_Contract_Acme-Traders_v01.pdf","Open") -> Open | J13: GoogleDrive/My Drive/Clients/acme/Acme_Contract_signed.pdf
A14: 2026-02-20_Website-Brief_Acme-Traders_v01.docx | B14: 03_Clients/Acme-Traders/03_Working | C14: 03_Clients | D14: Acme-Traders | F14: Google Drive | G14: 46073 | H14: Moved | I14: =HYPERLINK("demo/after/03_Clients/Acme-Traders/03_Working/2026-02-20_Website-Brief_Acme-Traders_v01.docx","Open") -> Open | J14: GoogleDrive/My Drive/Clients/acme/Acme website brief.docx
A15: 2026-03-03_Meeting-Notes_Acme-Traders_v01.docx | B15: 03_Clients/Acme-Traders/03_Working | C15: 03_Clients | D15: Acme-Traders | F15: Google Drive | G15: 46084 | H15: Moved | I15: =HYPERLINK("demo/after/03_Clients/Acme-Traders/03_Working/2026-03-03_Meeting-Notes_Acme-Traders_v01.docx","Open") -> Open | J15: GoogleDrive/My Drive/Clients/acme/meeting notes 3 march.docx
A16: 2026-04-15_Menu-Redesign_Bluegum-Cafe_v01.pptx | B16: 03_Clients/Bluegum-Cafe/03_Working | C16: 03_Clients | D16: Bluegum-Cafe | F16: OneDrive / Office | G16: 46127 | H16: Moved | I16: =HYPERLINK("demo/after/03_Clients/Bluegum-Cafe/03_Working/2026-04-15_Menu-Redesign_Bluegum-Cafe_v01.pptx","Open") -> Open | J16: OneDrive/Documents/Bluegum cafe menu redesign.pptx
A17: 2026-04-20_Feedback-Round_Bluegum-Cafe_v01.docx | B17: 03_Clients/Bluegum-Cafe/03_Working | C17: 03_Clients | D17: Bluegum-Cafe | F17: OneDrive / Office | G17: 46132 | H17: Moved | I17: =HYPERLINK("demo/after/03_Clients/Bluegum-Cafe/03_Working/2026-04-20_Feedback-Round_Bluegum-Cafe_v01.docx","Open") -> Open | J17: OneDrive/Documents/Bluegum/feedback round 1.docx
A18: 2026-04-28_Menu_Bluegum-Cafe_v01.pdf | B18: 03_Clients/Bluegum-Cafe/04_Deliverables | C18: 03_Clients | D18: Bluegum-Cafe | F18: OneDrive / Office | G18: 46140 | H18: Moved | I18: =HYPERLINK("demo/after/03_Clients/Bluegum-Cafe/04_Deliverables/2026-04-28_Menu_Bluegum-Cafe_v01.pdf","Open") -> Open | J18: OneDrive/Documents/Bluegum/Final menu A4.pdf
A19: 2026-05-06_Proposal_Harbour-Dental_v01.docx | B19: 03_Clients/Harbour-Dental/01_Proposals | C19: 03_Clients | D19: Harbour-Dental | E19: Proposal | F19: Google Drive | G19: 46148 | H19: Moved | I19: =HYPERLINK("demo/after/03_Clients/Harbour-Dental/01_Proposals/2026-05-06_Proposal_Harbour-Dental_v01.docx","Open") -> Open | J19: GoogleDrive/My Drive/New Folder (2)/Proposal - Harbour Dental FINAL.docx
A20: 2026-05-08_Proposal_Harbour-Dental_v02.docx | B20: 03_Clients/Harbour-Dental/01_Proposals | C20: 03_Clients | D20: Harbour-Dental | E20: Proposal | F20: Google Drive | G20: 46150 | H20: Moved | I20: =HYPERLINK("demo/after/03_Clients/Harbour-Dental/01_Proposals/2026-05-08_Proposal_Harbour-Dental_v02.docx","Open") -> Open | J20: GoogleDrive/My Drive/New Folder (2)/Proposal - Harbour Dental FINAL v2.docx
A21: 2026-05-01_Logo_Harbour-Dental_v01.png | B21: 03_Clients/Harbour-Dental/04_Deliverables | C21: 03_Clients | D21: Harbour-Dental | F21: Google Drive | G21: 46143 | H21: Moved | I21: =HYPERLINK("demo/after/03_Clients/Harbour-Dental/04_Deliverables/2026-05-01_Logo_Harbour-Dental_v01.png","Open") -> Open | J21: GoogleDrive/My Drive/New Folder (2)/harbour dental logo.png
A22: 2026-03-28_Social-Media-Calendar_v01.xlsx | B22: 05_Marketing | C22: 05_Marketing | F22: Google Drive | G22: 46109 | H22: Moved | I22: =HYPERLINK("demo/after/05_Marketing/2026-03-28_Social-Media-Calendar_v01.xlsx","Open") -> Open | J22: GoogleDrive/My Drive/social media calendar Q2.xlsx
A23: 2026-04-11_Instagram-Post-Ideas_v01.docx | B23: 05_Marketing | C23: 05_Marketing | F23: Google Drive | G23: 46123 | H23: Moved | I23: =HYPERLINK("demo/after/05_Marketing/2026-04-11_Instagram-Post-Ideas_v01.docx","Open") -> Open | J23: GoogleDrive/My Drive/Instagram post ideas.docx
A24: 2026-03-01_Contractor-Agreement-Sam_v01.docx | B24: 06_People/Contractors | C24: 06_People | F24: OneDrive / Office | G24: 46082 | H24: Moved | I24: =HYPERLINK("demo/after/06_People/Contractors/2026-03-01_Contractor-Agreement-Sam_v01.docx","Open") -> Open | J24: OneDrive/Desktop/contractor agreement - Sam.docx
A25: 2026-05-01_Sam-Timesheet_v01.xlsx | B25: 06_People/Contractors | C25: 06_People | F25: OneDrive / Office | G25: 46143 | H25: Moved | I25: =HYPERLINK("demo/after/06_People/Contractors/2026-05-01_Sam-Timesheet_v01.xlsx","Open") -> Open | J25: OneDrive/Desktop/Sam timesheet April.xlsx
A26: 2025-11-12_Template_Invoice_v01.xlsx | B26: 07_Templates | C26: 07_Templates | E26: Template | F26: OneDrive / Office | G26: 45973 | H26: Moved | I26: =HYPERLINK("demo/after/07_Templates/2025-11-12_Template_Invoice_v01.xlsx","Open") -> Open | J26: OneDrive/Documents/invoice template NEW.xlsx
A27: 2025-11-12_Template_Quote_v01.docx | B27: 07_Templates | C27: 07_Templates | E27: Template | F27: OneDrive / Office | G27: 45973 | H27: Moved | I27: =HYPERLINK("demo/after/07_Templates/2025-11-12_Template_Quote_v01.docx","Open") -> Open | J27: OneDrive/Documents/Quote template.docx
A28: 2024-10-30_Tax-Return_v01.pdf | B28: 99_Archive/2024-and-earlier | C28: 99_Archive | E28: Tax-Return | F28: Google Drive | G28: 45595 | H28: Archived (2024 or earlier) | I28: =HYPERLINK("demo/after/99_Archive/2024-and-earlier/2024-10-30_Tax-Return_v01.pdf","Open") -> Open | J28: GoogleDrive/My Drive/old/2024 tax return.pdf
A29: 2025-01-03_Bank-Statement_v01.pdf | B29: 99_Archive/2024-and-earlier | C29: 99_Archive | E29: Bank-Statement | F29: Google Drive | G29: 45660 | H29: Archived (2024 or earlier) | I29: =HYPERLINK("demo/after/99_Archive/2024-and-earlier/2025-01-03_Bank-Statement_v01.pdf","Open") -> Open | J29: GoogleDrive/My Drive/old/bank statement dec 2024.pdf
A30: 2026-01-10_Budget_v01_DUP1.xlsx | B30: 99_Archive/_Duplicates | C30: 99_Archive | E30: Budget | F30: Google Drive | G30: 46032 | H30: Duplicate of GoogleDrive/My Drive/Budget 2026.xlsx | I30: =HYPERLINK("demo/after/99_Archive/_Duplicates/2026-01-10_Budget_v01_DUP1.xlsx","Open") -> Open | J30: GoogleDrive/My Drive/Copy of Budget 2026.xlsx
A31: 2026-03-14_Invoice_Acme-Traders_v01_DUP1.pdf | B31: 99_Archive/_Duplicates | C31: 99_Archive | D31: Acme-Traders | E31: Invoice | F31: Google Drive | G31: 46095 | H31: Duplicate of GoogleDrive/My Drive/Untitled folder/invoice acme march.pdf | I31: =HYPERLINK("demo/after/99_Archive/_Duplicates/2026-03-14_Invoice_Acme-Traders_v01_DUP1.pdf","Open") -> Open | J31: GoogleDrive/My Drive/Untitled folder/Invoice_ACME_Mar2026 (1).pdf
A32: 2026-05-01_Logo_Harbour-Dental_v01_DUP1.jpg | B32: 99_Archive/_Duplicates | C32: 99_Archive | D32: Harbour-Dental | F32: OneDrive / Office | G32: 46143 | H32: Duplicate of GoogleDrive/My Drive/New Folder (2)/harbour dental logo.png | I32: =HYPERLINK("demo/after/99_Archive/_Duplicates/2026-05-01_Logo_Harbour-Dental_v01_DUP1.jpg","Open") -> Open | J32: OneDrive/Desktop/IMG_2231.jpg
A33: 2026-06-17_Insurance_Public-Liability_v01_DUP1.pdf | B33: 99_Archive/_Duplicates | C33: 99_Archive | E33: Insurance | F33: Google Drive | G33: 46190 | H33: Duplicate of OneDrive/Desktop/public liability insurance 2026.pdf | I33: =HYPERLINK("demo/after/99_Archive/_Duplicates/2026-06-17_Insurance_Public-Liability_v01_DUP1.pdf","Open") -> Open | J33: GoogleDrive/My Drive/Scan_0045.pdf

Sheet Folder_Map
A1: Folder | B1: Purpose | C1: Files
A2: 00_To-Review | B2: Files the rules could not place - check weekly, then file | C2: =COUNTIF(Index!$B$2:$B$33,A2) -> 2
A3: 01_Admin/Insurance | B3: Policies, certificates of currency, renewals | C3: =COUNTIF(Index!$B$2:$B$33,A3) -> 1
A4: 01_Admin/Policies | B4: Internal policies and procedures | C4: =COUNTIF(Index!$B$2:$B$33,A4) -> 1
A5: 02_Finance/Bank-Statements | B5: Monthly statements | C5: =COUNTIF(Index!$B$2:$B$33,A5) -> 1
A6: 02_Finance/Budgets | B6: Budgets and forecasts | C6: =COUNTIF(Index!$B$2:$B$33,A6) -> 1
A7: 02_Finance/Invoices-Issued | B7: Invoices sent to clients (one per invoice number) | C7: =COUNTIF(Index!$B$2:$B$33,A7) -> 2
A8: 02_Finance/Receipts | B8: Expense receipts, named by date and supplier | C8: =COUNTIF(Index!$B$2:$B$33,A8) -> 2
A9: 02_Finance/Tax | B9: Tax returns, BAS and workings | C9: =COUNTIF(Index!$B$2:$B$33,A9) -> 1
A10: 03_Clients/Acme-Traders/01_Proposals | B10: Quotes and proposals | C10: =COUNTIF(Index!$B$2:$B$33,A10) -> 0
A11: 03_Clients/Acme-Traders/02_Contracts | B11: Signed agreements | C11: =COUNTIF(Index!$B$2:$B$33,A11) -> 1
A12: 03_Clients/Acme-Traders/03_Working | B12: Briefs, notes, plans, drafts, feedback | C12: =COUNTIF(Index!$B$2:$B$33,A12) -> 2
A13: 03_Clients/Acme-Traders/04_Deliverables | B13: Final files sent to the client | C13: =COUNTIF(Index!$B$2:$B$33,A13) -> 0
... A26: 99_Archive/_Duplicates | B26: Identical copies found during the clean-up (safe to delete after review) | C26: =COUNTIF(Index!$B$2:$B$33,A26) -> 4
A27: Total | C27: =SUM(C2:C26) -> 32

Sheet Outlook_Plan
A1: Current Folder | B1: Subject | C1: From | D1: Received | E1: Move To (Outlook folder) | F1: Rule to set up
A2: Inbox | B2: RE: Acme website - homepage copy | C2: jordan@acme-traders.example | D2: 2026-03-05 | E2: Clients/Acme Traders | F2: From contains @acme-traders.example
A3: Inbox | B3: Invoice INV-0157 from you | C3: accounts@bluegum.example | D3: 2026-04-03 | E3: Clients/Bluegum Cafe | F3: From contains @bluegum.example
A4: Inbox | B4: Your Officeworks receipt | C4: noreply@officeworks.example | D4: 2026-02-12 | E4: Finance/Receipts | F4: Subject contains 'receipt'
A5: Inbox | B5: Harbour Dental - proposal questions | C5: mia@harbourdental.example | D5: 2026-05-07 | E5: Clients/Harbour Dental | F5: From contains @harbourdental.example
A6: Inbox | B6: Policy renewal - public liability | C6: renewals@insureco.example | D6: 2026-06-10 | E6: Admin/Insurance | F6: From contains @insureco.example
A7: Inbox | B7: Sam - April timesheet | C7: sam.k@contractor.example | D7: 2026-05-01 | E7: People/Contractors | F7: Subject contains 'timesheet'
A8: Inbox | B8: Newsletter: 10 design trends | C8: news@designweekly.example | D8: 2026-05-12 | E8: Read-Later | F8: Subject starts with 'Newsletter'
A9: Inbox | B9: Bluegum menu - final sign-off | C9: owner@bluegum.example | D9: 2026-04-29 | E9: Clients/Bluegum Cafe | F9: From contains @bluegum.example
A10: Sent Items | B10: Acme contract - signed copy | C10: me | D10: 2026-02-25 | E10: Clients/Acme Traders | F10: Subject contains 'acme'
A11: Sent Items | B11: Quote for Harbour Dental | C11: me | D11: 2026-05-06 | E11: Clients/Harbour Dental | F11: Subject contains 'harbour dental'

Sheet Rename_Log
A1: # | B1: Old Path | C1: New Path | D1: Reason / Status
A2: 1 | B2: GoogleDrive/My Drive/Budget 2026.xlsx | C2: 02_Finance/Budgets/2026-01-10_Budget_v01.xlsx | D2: Moved
A3: 2 | B3: GoogleDrive/My Drive/Clients/acme/Acme website brief.docx | C3: 03_Clients/Acme-Traders/03_Working/2026-02-20_Website-Brief_Acme-Traders_v01.docx | D3: Moved
A4: 3 | B4: GoogleDrive/My Drive/Clients/acme/Acme_Contract_signed.pdf | C4: 03_Clients/Acme-Traders/02_Contracts/2026-02-25_Contract_Acme-Traders_v01.pdf | D4: Moved
A5: 4 | B5: GoogleDrive/My Drive/Clients/acme/meeting notes 3 march.docx | C5: 03_Clients/Acme-Traders/03_Working/2026-03-03_Meeting-Notes_Acme-Traders_v01.docx | D5: Moved
A6: 5 | B6: GoogleDrive/My Drive/Copy of Budget 2026.xlsx | C6: 99_Archive/_Duplicates/2026-01-10_Budget_v01_DUP1.xlsx | D6: Duplicate of GoogleDrive/My Drive/Budget 2026.xlsx
A7: 6 | B7: GoogleDrive/My Drive/Instagram post ideas.docx | C7: 05_Marketing/2026-04-11_Instagram-Post-Ideas_v01.docx | D7: Moved
A8: 7 | B8: GoogleDrive/My Drive/New Folder (2)/Proposal - Harbour Dental FINAL v2.docx | C8: 03_Clients/Harbour-Dental/01_Proposals/2026-05-08_Proposal_Harbour-Dental_v02.docx | D8: Moved
A9: 8 | B9: GoogleDrive/My Drive/New Folder (2)/Proposal - Harbour Dental FINAL.docx | C9: 03_Clients/Harbour-Dental/01_Proposals/2026-05-06_Proposal_Harbour-Dental_v01.docx | D9: Moved
A10: 9 | B10: GoogleDrive/My Drive/New Folder (2)/harbour dental logo.png | C10: 03_Clients/Harbour-Dental/04_Deliverables/2026-05-01_Logo_Harbour-Dental_v01.png | D10: Moved
A11: 10 | B11: GoogleDrive/My Drive/Scan_0045.pdf | C11: 99_Archive/_Duplicates/2026-06-17_Insurance_Public-Liability_v01_DUP1.pdf | D11: Duplicate of OneDrive/Desktop/public liability insurance 2026.pdf
A12: 11 | B12: GoogleDrive/My Drive/Untitled folder/Invoice_ACME_Mar2026 (1).pdf | C12: 99_Archive/_Duplicates/2026-03-14_Invoice_Acme-Traders_v01_DUP1.pdf | D12: Duplicate of GoogleDrive/My Drive/Untitled folder/invoice acme march.pdf
A13: 12 | B13: GoogleDrive/My Drive/Untitled folder/invoice acme march.pdf | C13: 02_Finance/Invoices-Issued/2026-03-14_Invoice_Acme-Traders_v01.pdf | D13: Moved
... A33: 32 | B33: OneDrive/Documents/invoice template NEW.xlsx | C33: 07_Templates/2025-11-12_Template_Invoice_v01.xlsx | D33: Moved

Sheet Naming_Rules
A1: Rule | B1: Example
A2: Pattern: YYYY-MM-DD_DocType_Client-or-Topic_Detail_vNN.ext | B2: 2026-04-02_Invoice_Bluegum-Cafe_INV-0157_v01.pdf
A3: Date first (the document's date), so files sort in time order | B3: 2026-02-12_Receipt_Officeworks_v01.jpg
A4: Words joined with hyphens, parts with underscores; no spaces or symbols | B4: Harbour-Dental, not 'harbour dental (FINAL)'
A5: Versions as _v01, _v02 - never 'final', 'new', 'copy of' | B5: 2026-05-08_Proposal_Harbour-Dental_v02.docx
A6: Client work lives under 03_Clients/<Client>/01-04 stage folders | B6: 03_Clients/Acme-Traders/02_Contracts
A7: Unsure where it goes? Save to 00_To-Review and file it on Friday | B7: 00_To-Review
